 Dungeon Crawl Stone Soup version 0.21-a0-243-g597973d (webtiles) character file.

154 KristoblXynda the Charmwright (level 5, -7/41 HPs)
             Began as a Draconian Skald on Sept 4, 2017.
             Killed by divine providence
             ... invoked by an orc priest
              (8 damage)
             ... on level 3 of the Dungeon.
             The game lasted 00:04:40 (2688 turns).

KristoblXynda the Charmwright (Draconian Skald)     Turns: 2688, Time: 00:04:41

Health: -7/41      AC:  7    Str: 13    XL:     5   Next: 13%
Magic:  0/8        EV: 13    Int: 14    God:
Gold:   232        SH:  0    Dex: 11    Spells: 4/8 levels left

rFire    . . .     SeeInvis +   a - +0 hand axe
rCold    . . .     Gourm    .   (no shield)
rNeg     . . .     Faith    .   (armour unavailable)
rPois    .         Spirit   +   (helmet restricted)
rElec    .         Reflect  .   i - +0 cloak
rCorr    .         Harm     .   (no gloves)
MR       .....                  g - +0 pair of boots
Stlth    +.........             m - amulet of guardian spirit
HPRegen  0.13/turn              k - ring of see invisible
MPRegen  0.11/turn              (no ring)

@: no status effects
A: unfitting armour, cold-blooded, AC +5
a: no special abilities


You were on level 3 of the Dungeon.
You were full.

You visited 1 branch of the dungeon, and saw 3 of its levels.

You collected 232 gold pieces.

Inventory:

Hand Weapons
 a - a +0 hand axe (weapon)
Armour
 d - a +0 shield
 g - a +0 pair of boots (worn)
 i - a +0 cloak (worn)
Jewellery
 e - an uncursed amulet of rage
 k - a ring of see invisible (left hand)
 m - an amulet of guardian spirit (around neck)
Wands
 h - a wand of random effects (30/48)
Scrolls
 n - 3 scrolls of teleportation
Books
 b - a book of Battle

   Spells                             Type                      Level
   a - Infusion                       Charms                       1
   b - Shroud of Golubria             Charms/Translocation         2
   c - Song of Slaying                Charms                       2
   d - Spectral Weapon                Hexes/Charms                 3
   e - Regeneration                   Charms/Necromancy            3
Comestibles
 c - 2 bread rations
 f - a meat ration
 j - a chunk of flesh


   Skills:
 - Level 2.1 Fighting
 + Level 3.4 Axes
 + Level 3.4 Dodging
 - Level 2.0 Spellcasting
 + Level 3.6 Charms


You had 4 spell levels left.
You knew the following spells:

 Your Spells              Type           Power        Failure   Level  Hunger
a - Infusion              Chrm           ##..         5%          1    ##.....
b - Regeneration          Chrm/Necr      #.........   32%         3    ####...


Dungeon Overview and Level Annotations

Branches:
Dungeon (3/15)

Altars:
Gozag
Hepliaklqana
Zin


Innate Abilities, Weirdness & Mutations

Your plain brown scales are hard. (AC +5)
You cannot fit into any form of body armour.
You are cold-blooded and may be slowed by cold attacks.


Message History

You hit the orc priest.
The orc priest is heavily wounded.
The orc priest closely misses you.
You hit the orc priest.
The orc priest is severely wounded.
The orc priest barely misses you.
You barely miss the orc priest.
You tail-slap the orc priest, but do no damage.
The orc priest is severely wounded.
The orc priest hits you with a mace.
* * * LOW HITPOINT WARNING * * *
You barely miss the orc priest.
The orc priest is severely wounded.
The orc priest closely misses you.
Unknown command.
You barely miss the orc priest.
The orc priest is severely wounded.
The orc priest calls down the wrath of Beogh upon you.
Beogh smites you!
You die...

.##########
........).### ##
.########.#.. .
#[#.# .#
#)#.##.###)
#######.#(......?
#............#
#.######.@.###.o. #
#.o.......
#...###... #..... .
#...### #....# .
#..#.##### #. ..#
#.....(..## ... ..
#...).....##.......


You could see an orc priest.

Vanquished Creatures
  An orc priest (D:3)
  Terence (D:2)
  4 adders
  An ooze (D:1)
  2 dart slugs
  3 orcs (D:3)
  9 bats
  10 goblins
  5 hobgoblins
  11 kobolds
  A frilled lizard (D:1)
  8 rats
56 creatures vanquished.

Notes
Turn   | Place    | Note
-------+----------+-------------------------------------------
     0 | D:1      | KristoblXynda the Draconian Skald began the quest for the Orb.
     0 | D:1      | Reached XP level 1. HP: 17/17 MP: 3/3
   459 | D:1      | Reached XP level 2. HP: 18/24 MP: 5/5
  1077 | D:1      | Reached XP level 3. HP: 29/29 MP: 6/6
  1365 | D:2      | Found a hazy altar of Hepliaklqana.
  1535 | D:2      | Noticed Terence
  1564 | D:2      | Killed Terence
  1564 | D:2      | Reached XP level 4. HP: 14/36 MP: 7/7
  2260 | D:2      | Found an opulent altar of Gozag.
  2261 | D:2      | Found a glowing silver altar of Zin.
  2625 | D:3      | Learned a level 3 spell: Regeneration
  2659 | D:3      | Reached XP level 5. HP: 18/41 MP: 4/8
  2683 | D:3      | HP: 1/41 [orc priest/mace (3)]
  2688 | D:3      | Killed from afar by an orc priest

Vault maps used:
D:1:      saegor_arrival_simple_c
D:2:      grunt_temple_overflow_gold_and_silver, nicolae_overflow_crystal_walls,
          uniq_terence

Skill      XL: |  1  2  3  4 |
---------------+-------------+-----
Charms         | 3 |  3.6
Dodging        | 3 |  3.4
Axes           | 3 |  3.4
Fighting       | |  2.1
Spellcasting   | |  2.0

Action                   |  1- 3 |  4- 6 || total
-------------------------+-------+-------++-------
Melee: Hand axe          |   141 |   100 ||   241
       Tailslap          |    15 |     8 ||    23
  Use: Potion            |     3 |       ||     3
       Scroll            |       |     3 ||     3
 Stab: Sleeping          |     2 |     1 ||     3
  Eat: Chunk             |     2 |     3 ||     5
       Meat ration       |       |     1 ||     1
Armor: Skin              |    52 |    32 ||    84
Dodge: Dodged            |    77 |    75 ||   152

Table legend:
 A = Spawn XP
 B = Non-spawn XP
 C = Spawn XP percentage of total XP
 D = Spawn monster count
 E = Non-spawn monster count
 F = Spawn count percentage of total count
 G = Total turns spent on level
                    A         B        C        D         E        F      G
               +---------+---------+-------+---------+---------+-------+---------
         Total |      24 |     196 |  10.9 |       6 |      50 |  10.7 |  2688
               +---------+---------+-------+---------+---------+-------+---------
           D:1 |       6 |      38 |  13.6 |       2 |      20 |   9.1 |  1140
           D:2 |       5 |      98 |   4.9 |       3 |      19 |  13.6 |  1314
           D:3 |      13 |      60 |  17.8 |       1 |      11 |   8.3 |   234
               +---------+---------+-------+---------+---------+-------+---------
